 Dungeon Crawl Stone Soup version 0.20.1-1-g8b1a95d (webtiles) character file.

382243 equalderp2856 the Hoplite (level 21, -26/194 HPs)
             Began as a Minotaur Fighter on Aug 17, 2017.
             Killed from afar by a ynoxinul (31 damage)
             ... with an iron shot
             ... on level 1 of the Abyss on Aug 18, 2017.
             The game lasted 06:46:52 (93882 turns).

equalderp2856 the Hoplite (Minotaur Fighter)       Turns: 93882, Time: 06:46:54

Health: -26/194    AC: 22    Str: 25    XL:     21   Next: 92%
Magic:  0/36       EV:  1    Int: 12    God:
Gold:   2971       SH: 13    Dex: 12    Spells: 33/44 levels left

rFire    + + +     SeeInvis +   z - +11 hand axe of Yredelemnul {drain, +Rage rF- rN+}
rCold    + . .     Gourm    .   R - +0 large shield
rNeg     + . .     Faith    .   X - +6 plate armour of the Invisible Hand {rF+++ MR+ Regen+ Dex-5}
rPois    .         Spirit   +   (helmet restricted)
rElec    .         Reflect  .   m - +1 cloak {rF+}
rCorr    .         Harm     .   F - +0 pair of gloves
MR       +++..                  p - +1 pair of boots
Stlth    ..........             Y - amulet of guardian spirit
Regen    0.9/turn               O - +4 ring of dexterity (curse)
MPRegen  0.3/turn               t - ring "Oclo" {MR+ Int+4}

@: extremely drained
A: retaliatory headbutt, claws 2, horns 2, rugged brown scales 1, see invisible,
cold resistance 1
}: 2/15 runes: barnacled, gossamer
a: Evoke Berserk Rage


You were on level 1 of the Abyss.
You were hungry.

You visited 7 branches of the dungeon, and saw 34 of its levels.
You visited the Abyss 4 times.
You also visited: Sewer and Volcano.

You collected 3635 gold pieces.
You spent 664 gold pieces at shops.

Inventory:

Hand Weapons
 v - a +3 broad axe
 z - the +11 hand axe of Yredelemnul (weapon) {drain, +Rage rF- rN+}
   (You found it on level 13 of the Dungeon)

   A truly terrible weapon, it drains the life of those it strikes.
   It makes you vulnerable to fire.
   It protects you from negative energy.
   It lets you go berserk.
 T - a +5 demon trident of piercing
 W - a +1 battleaxe of freezing
 Z - a +0 hand crossbow
Armour
 k - a +2 buckler
 m - a +1 cloak of fire resistance (worn)
 p - a +1 pair of boots (worn)
 u - the +3 scale mail of the Shining Light {rPois MR++}
   (You found it on level 3 of the Shoals)

   It protects you from poison.
   It affects your resistance to hostile enchantments.
 A - a +9 plate armour of ponderousness
 B - +3 storm dragon scales {Bai Suzhen}
 F - a +0 pair of gloves (worn)
 R - a +0 large shield (worn)
 X - the +6 plate armour of the Invisible Hand (worn) {rF+++ MR+ Regen+ Dex-5}
   (You found it on level 4 of the Shoals)

   It affects your dexterity (-5).
   It renders you almost immune to fire.
   It affects your resistance to hostile enchantments.
   It increases your rate of regeneration.
Jewellery
 t - the ring "Oclo" (right hand) {MR+ Int+4}
   (You took it off a merfolk on level 4 of the Shoals)

   [ring of protection from magic]

   It affects your intelligence (+4).
   It affects your resistance to hostile enchantments.
 y - an uncursed ring of wizardry
 O - a cursed +4 ring of dexterity (left hand)
 Y - an amulet of guardian spirit (around neck)
Scrolls
 h - 15 scrolls of teleportation
 i - 9 scrolls of remove curse
 j - 22 scrolls of identify
 E - 3 scrolls of fog
 K - 2 scrolls of fear
Potions
 r - 2 potions of flight
 I - 6 potions of haste
 J - 7 potions of might
 L - a potion of cancellation
 M - 2 potions of lignification
 N - 6 potions of berserk rage
 V - 2 potions of agility
Miscellaneous
 b - a lightning rod (4/4)
 c - a lamp of fire (inert)
 l - a fan of gales
 n - a phial of floods
Comestibles
 f - 14 bread rations
 q - 12 meat rations


   Skills:
 + Level 16.4(0.0) Fighting
 + Level 19.1(0.0) Axes
 + Level 4.6(0.0) Polearms
 + Level 5.5(0.0) Crossbows
 + Level 16.0(0.0) Armour
 + Level 7.7(0.0) Dodging
 + Level 2.8(0.0) Stealth
 + Level 21.4(1.1) Shields
 + Level 0.2(0.0) Unarmed Combat
 + Level 12.3(0.0) Spellcasting
 + Level 8.6(0.0) Charms
 * Level 9.0(0.0) Translocations
 + Level 0.1(0.0) Transmutations
 + Level 0.1(0.0) Earth Magic
 + Level 2.3(0.0) Evocations


You had 33 spell levels left.
You knew the following spells:

 Your Spells              Type           Power        Failure   Level  Hunger
a - Blink                 Tloc           N/A          100%        2    ###....
b - Slow                  Hex            #.......     100%        2    ###....
c - Passwall              Tmut/Erth      #.........   100%        2    ###....
d - Infusion              Chrm           #...         100%        1    ##.....
e - Shroud of Golubria    Chrm/Tloc      #.........   100%        2    ###....
f - Song of Slaying       Chrm           #.......     100%        2    ###....


Dungeon Overview and Level Annotations

Branches:
Dungeon (15/15)            Temple (0/1) D:4            Lair (6/6) D:10
 Shoals (4/4) Lair:3       Spider (4/4) Lair:4        Slime (0/5) Lair:6
    Orc (2/2) D:12            Elf (0/3) Orc:2        Vaults (2/5) D:14
 Depths (1/5) D:15
  Crypt: Vaults:2-3

Altars:
Cheibriados
Fedhas
Gozag
Kikubaaqudgha
Qazlal
Uskayaw
Vehumet
Yredelemnul
Beogh
Jiyva

Shops:
D:13 (   D:15 !   Orc:2 !}(:   Vaults:2 !(%[(   Depths:1 !((*[

Portals:
Hell: Depths:1
Abyss: Depths:1

Annotations:
Vaults:2 Boris


Innate Abilities, Weirdness & Mutations

You reflexively headbutt those who attack you in melee.
You have a pair of horns on your head.
You have very sharp fingernails.
You are partially covered in rugged brown scales. (AC +1, +3% HP)
You have supernaturally acute eyesight. (SInv)
Your flesh is cold resistant. (rC+)


Message History

The ynoxinul is severely wounded.
You closely miss the shadow.
The ufetubus disappears in a puff of smoke!
The ynoxinul hits you.
* * * LOW HITPOINT WARNING * * *
The shadow hits you.
You closely miss the shadow. You closely miss the ynoxinul.
The ufetubus disappears in a puff of smoke!
The ynoxinul gestures at you. The iron shot hits you!
You block the shadow's attack.
The ynoxinul hits you but does no damage.
Unknown command.
You hit the shadow. Your headbutt misses the shadow.
The shadow is lightly damaged.
Your shield and plate armour of the Invisible Hand prevent you from hitting the ynoxinul.
The shadow disappears in a puff of smoke!
The shadow hits you. The ynoxinul gestures at you. The iron shot hits you!
You die...

. ._ . # #
#..... .# .
#.#.##.#.
#. #.
###...# #
#..
.##.#..##..
#.. #5#..55
#..##x§W
...# .
#.§53W#§ .
.. #@## #
#### # #3.
# ..# ##


You could see a worldbinder, a ynoxinul, a shadow and 2 ufetubi.

Vanquished Creatures
  Bai Suzhen (Spider:3)
  Nikola (Depths:1)
  A profane servitor (Abyss:1)
  4 bone dragons (Abyss:1)
  A lich (Vaults:1)
  Polyphemus (Shoals:2)
  8 tentacled starspawn
  Agnes (Lair:4)
  Ilsuiw (Shoals:3)
  4 ghost moths (Spider:3)
  2 frost giants
  A deep elf sorcerer (Vaults:1)
  3 cacodemons
  Louise (Spider:1)
  An angel (Abyss:1)
  4 ironheart preservers
  A balrug (Abyss:1)
  8 emperor scorpions
  2 entropy weavers
  A vampire knight (Depths:1)
  8 very ugly things
  An ophan (Abyss:1)
  A deep elf demonologist (Vaults:1)
  4 stone giants
  Nessos (Lair:6)
  A white draconian (Abyss:2)
  A deep elf annihilator (Vaults:1)
  Snorg (D:13)
  A blizzard demon (Abyss:1)
  5 merfolk javelineers
  4 deep elf death magi
  6 ettins
  4 fire dragons
  An eidolon (Abyss:2)
  The ghost of Thomus the Eclecticist, a journeyman DECj of Vehumet (Lair:5)
  7 great orbs of eyes
  17 merfolk impalers
  Josephine (Lair:4)
  13 ogre magi
  6 yaktaur captains
  8 vault guards
  3 ice dragons
  4 rakshasas
  Fannar (Orc:1)
  14 hydras
  Erolcha (Orc:2)
  11 centaur warriors
  7 merfolk aquamancers
  3 alligator snapping turtles
  4 merfolk avatars
  Erica (D:11)
  3 catoblepae
  4 satyrs
  28 two-headed ogres
  A tengu warrior (D:15)
  2 deep troll shamans (Depths:1)
  A vampire mage (Depths:1)
  3 death yaks (Shoals:2)
  A hell hog (Abyss:1)
  6 thrashing horrors (Abyss:1)
  Nergalle (Orc:2)
  Sonja (D:14)
  5 deep elf knights
  9 hell knights
  An iron troll (Depths:1)
  2 soul eaters (Abyss:1)
  7 wretched stars
  A storm dragon zombie (Abyss:1)
  8 skeletal warriors
  4 sixfirhies
  2 spatial maelstroms (Abyss:1)
  11 sea snakes
  2 death drakes (Abyss:2)
  An unseen horror (shapeshifter) (Depths:1)
  2 wizards (Vaults:2)
  A glowing orange brain (Abyss:1)
  4 unseen horrors
  5 deep trolls
  6 ironbrand convokers
  Pikel (D:5)
  A golden dragon skeleton (Abyss:2)
  23 large abominations
  5 orc knights
  5 deep elf archers
  20 harpies
  30 orb spiders
  19 fauns
  3 necromancers
  13 deep elf magi
  39 ugly things
  18 manticores
  A stone giant zombie (Abyss:1)
  29 wolf spiders
  5 orc sorcerers
  11 elephants
  An elephant (shapeshifter) (D:14)
  10 merfolk sirens
  10 cyclopes
  3 worldbinders (Abyss:1)
  Joseph (D:7)
  5 moths of wrath
  2 apocalypse crabs (Abyss:1)
  2 smoke demons (Abyss:1)
  5 vault sentinels
  Maurice (D:13)
  The ghost of CitizenNev the Skirmisher, a novice DsFi (D:4)
  13 water nymphs
  3 torpor snails
  4 black mambas
  2 molten gargoyles (Volcano)
  2 gargoyles (D:15)
  18 spiny frogs
  21 demonic crawlers
  5 orange demons
  2 rime drakes
  2 tengu conjurers (D:15)
  7 komodo dragons
  13 yaktaurs
  An ancient zyme (Abyss:1)
  5 centaur skeletons
  A hellwing (Abyss:1)
  2 freezing wraiths (Abyss:1)
  An ice devil (Abyss:1)
  A tormentor (Abyss:1)
  An efreet (D:15)
  4 guardian mummies (Depths:1)
  A queen bee (Lair:5)
  A queen bee (shapeshifter) (D:14)
  7 trolls
  A jumping spider (shapeshifter) (D:14)
  62 merfolk
  3 meliai (Lair:5)
  2 meliai (shapeshifter)
  35 jumping spiders
  6 wind drakes
  7 dream sheep
  5 polar bears
  17 hornets
  17 raiju
  29 slime creatures
  Grinder (D:4)
  15 blink frogs
  15 snapping turtles
  A harpy skeleton (Abyss:1)
  A blink frog (shapeshifter) (D:13)
  22 hippogriffs
  A stone giant simulacrum (Abyss:1)
  80 redbacks
  Sigmund (D:2)
  12 spriggans
  2 shadows (D:12)
  20 water elementals
  50 tarantellas
  45 yaks
  A vampire (D:13)
  10 wraiths
  7 ynoxinuls
  10 starcursed masses
  A yak (shapeshifter) (D:15)
  7 wyverns
  Grum (D:10)
  2 basilisks
  6 hungry ghosts
  8 fire bats
  Eustachio (D:6)
  2 golden eyes (shapeshifter)
  3 steam dragons
  A human simulacrum (Vaults:2)
  A spatial vortex (Abyss:1)
  2 vampire mosquitoes (D:14)
  3 chaos spawn
  An insubstantial wisp (Abyss:1)
  Menkaure (D:6)
  2 acid dragons
  2 soldier ants
  A swamp worm (shapeshifter) (Abyss:2)
  7 wargs
  12 water moccasins
  Duvessa (D:6)
  Purgy (Sewer)
  A floating eye (shapeshifter) (D:15)
  A hell hound (Abyss:1)
  14 porcupines
  3 ice beasts
  5 sky beasts
  27 orc warriors
  22 ogres
  7 phantoms
  A slave (D:5)
  4 black bears
  A black bear (shapeshifter) (Vaults:2)
  7 boggarts
  2 eyes of draining
  3 necrophages
  26 centaurs
  58 wolves
  16 crocodiles
  17 small abominations
  5 big kobolds
  20 bullfrogs
  Dowan (D:6)
  11 scorpions
  21 killer bees (Lair:5)
  2 troll zombies (D:12)
  9 wights
  6 howler monkeys
  2 electric eels (D:10)
  3 bullfrog zombies
  6 centaur zombies
  6 lava snakes (Volcano)
  2 quasits
  10 crimson imps
  2 human zombies (D:10)
  21 orc priests
  5 jellies
  2 bullfrog skeletons
  21 hounds
  4 iron imps
  53 orc wizards
  Terence (D:2)
  2 iguanas
  13 worker ants
  6 ogre zombies (D:12)
  3 mummies (Depths:1)
  2 worker ant zombies
  Robin (D:2)
  11 adders
  7 gnolls
  A river rat (D:5)
  2 shadow imps
  A white imp (Abyss:1)
  9 ufetubi
  2 adder skeletons
  6 worms
  5 leopard geckos
  128 orcs
  7 giant cockroaches
  16 goblins
  8 hobgoblins
  8 jackals
  31 kobolds
  4 quokkas
  2 ball pythons
  13 bats
  3 frilled lizards
  3 goblin skeletons
  6 goblin zombies (D:12)
  2 hobgoblin zombies (D:12)
  3 orc skeletons (D:12)
  12 orc zombies (D:12)
  3 rats
  A bush (Lair:4)
  8 fungi
  A lurking horror (Abyss:1)
  32 plants
  8 starspawn tentacles
2033 creatures vanquished.

Vanquished Creatures (others)
  An ironheart preserver (Vaults:2)
  An orb spider (Spider:2)
  A tengu conjurer (D:15)
  3 jumping spiders
  A tarantella (Spider:1)
  2 redbacks
  A slave (D:5)
  A boggart (Vaults:2)
  A scorpion (Spider:1)
  2 orc wizards
  An adder (D:5)
  An orc (Orc:2)
  2 jackals (D:5)
  6 fungi
  9 plants
  18 starspawn tentacles
51 creatures vanquished.

Grand Total: 2084 creatures vanquished

Notes
Turn   | Place    | Note
-------+----------+-------------------------------------------
     0 | D:1      | equalderp2856 the Minotaur Fighter began the quest for the Orb.
     0 | D:1      | Reached XP level 1. HP: 19/19 MP: 0/0
   118 | D:1      | Reached XP level 2. HP: 23/27 MP: 1/1
   697 | D:2      | Noticed Robin
   707 | D:1      | Reached XP level 3. HP: 7/33 MP: 2/2
   708 | D:1      | Reached skill level 4 in Shields
   976 | D:2      | Killed Robin
  1051 | D:2      | Noticed Terence
  1066 | D:2      | Killed Terence
  1066 | D:2      | Reached XP level 4. HP: 36/41 MP: 3/3
  1252 | D:2      | Noticed Sigmund
  1873 | D:3      | Reached XP level 5. HP: 47/47 MP: 4/4
  2232 | D:4      | Noticed CitizenNev's ghost (novice DsFi)
  2471 | D:5      | Entered Level 5 of the Dungeon
  2538 | D:5      | Reached skill level 1 in Dodging
  2576 | D:5      | Found a glowing drain.
  2592 | Sewer    | Entered a sewer
  2757 | Sewer    | Noticed Purgy
  2785 | Sewer    | Killed Purgy
  2785 | Sewer    | Reached skill level 5 in Axes
  2785 | Sewer    | Reached XP level 6. HP: 13/55 MP: 5/5
  3111 | D:5      | Reached skill level 5 in Fighting
  3111 | D:5      | Reached skill level 5 in Armour
  3111 | D:5      | Reached skill level 5 in Shields
  3458 | D:5      | Reached XP level 7. HP: 61/61 MP: 6/6
  3938 | D:5      | Noticed Pikel
  3959 | D:5      | Killed Pikel
  3959 | D:5      | Reached XP level 8. HP: 44/70 MP: 7/7
  4090 | D:5      | Learned a level 2 spell: Blink
  4093 | D:5      | Learned a level 2 spell: Slow
  4411 | D:6      | Noticed Duvessa
  4414 | D:6      | Noticed Dowan
  4430 | D:6      | Killed Duvessa
  4430 | D:6      | Reached skill level 6 in Shields
  4438 | D:6      | Killed Dowan
  4822 | D:6      | Noticed Eustachio
  4840 | D:6      | Killed Eustachio
  4907 | D:6      | Noticed Menkaure
  4914 | D:6      | Killed Menkaure
  5135 | D:6      | Reached XP level 9. HP: 76/78 MP: 8/8
  5783 | D:4      | Found a staircase to the Ecumenical Temple.
  5784 | D:4      | Noticed Grinder
  5789 | D:4      | Paralysed by Grinder for 3 turns
  5798 | D:4      | Killed Grinder
  5798 | D:4      | Reached skill level 10 in Axes
  5886 | D:4      | Killed CitizenNev's ghost
  6358 | D:2      | Reached skill level 1 in Stealth
  6382 | D:2      | Reached skill level 7 in Shields
  6669 | D:2      | Killed Sigmund
  7638 | D:7      | Learned a level 2 spell: Passwall
  7838 | D:7      | Noticed Joseph
  8250 | D:7      | Killed Joseph
  8250 | D:7      | Reached skill level 8 in Shields
  8250 | D:7      | Reached XP level 10. HP: 58/88 MP: 9/9
  9562 | D:9      | Noticed a centaur warrior
  9584 | D:9      | Killed a centaur warrior
  9923 | D:9      | Reached skill level 9 in Shields
 10737 | D:9      | Found a blossoming altar of Fedhas.
 11085 | D:10     | Entered Level 10 of the Dungeon
 11138 | D:10     | Reached XP level 11. HP: 55/95 MP: 10/10
 11705 | D:10     | Found a staircase to the Lair.
 11747 | Lair:1   | Entered Level 1 of the Lair of Beasts
 11887 | Lair:1   | Reached skill level 10 in Shields
 12272 | Lair:1   | Found a dark tunnel.
 12282 | Volcano  | Entered a volcano
 13342 | Volcano  | Noticed a two-headed ogre
 13351 | Volcano  | Killed a two-headed ogre
 13411 | Volcano  | Found a radiant altar of Vehumet.
 13411 | Volcano  | Noticed a two-headed ogre
 13411 | Volcano  | Noticed an ogre mage
 13411 | Volcano  | Noticed a two-headed ogre
 13581 | Volcano  | Killed a two-headed ogre
 13581 | Volcano  | Reached skill level 1 in Crossbows
 13644 | Volcano  | Killed an ogre mage
 13644 | Volcano  | Reached skill level 1 in Evocations
 13809 | Volcano  | Killed a two-headed ogre
 13809 | Volcano  | Reached skill level 11 in Shields
 14004 | Volcano  | Noticed a hell knight
 14046 | Volcano  | Killed a hell knight
 14046 | Volcano  | Reached skill level 10 in Armour
 14262 | Volcano  | Noticed a two-headed ogre
 14270 | Volcano  | Killed a two-headed ogre
 14547 | Lair:1   | Reached skill level 5 in Crossbows
 14873 | Lair:1   | Reached skill level 10 in Fighting
 14875 | Lair:1   | Reached XP level 12. HP: 78/106 MP: 12/12
 16199 | D:10     | Noticed Grum
 16218 | D:10     | Killed Grum
 16329 | D:10     | Found a runed door.
 16412 | D:10     | Found a basalt altar of Yredelemnul.
 18761 | Lair:2   | Reached skill level 12 in Shields
 19533 | Lair:3   | Found a staircase to the Shoals.
 19671 | Lair:3   | Noticed a six-headed hydra
 19904 | Lair:4   | Found a hole to the Spider Nest.
 19905 | Lair:4   | Noticed an eight-headed hydra
 19939 | Lair:4   | Killed a nine-headed hydra
 19939 | Lair:4   | Reached skill level 5 in Dodging
 20278 | Lair:4   | Reached skill level 13 in Shields
 20387 | Lair:4   | Reached XP level 13. HP: 26/115 MP: 13/13
 20634 | Lair:4   | Reached skill level 15 in Axes
 21424 | Lair:5   | Noticed Josephine
 21574 | Lair:6   | Entered Level 6 of the Lair of Beasts
 21844 | Lair:5   | Noticed Thomus's ghost (journeyman DECj)
 21864 | Lair:4   | Killed Josephine
 22012 | Lair:4   | Reached skill level 1 in Polearms
 22480 | Lair:5   | Killed Thomus's ghost
 22627 | Lair:5   | Reached skill level 14 in Shields
 22811 | Lair:5   | Found a hide-covered altar of Uskayaw.
 25069 | Lair:6   | Reached XP level 14. HP: 71/126 MP: 14/14
 25243 | Lair:6   | Found a snail-covered altar of Cheibriados.
 25268 | Lair:6   | Found a viscous altar of Jiyva.
 25268 | Lair:6   | Found a staircase to the Slime Pits.
 25588 | Lair:6   | Noticed Nessos
 25609 | Lair:6   | Killed Nessos
 25924 | Lair:6   | Paralysed by a hornet for 1 turns
 26097 | Lair:6   | Reached skill level 15 in Shields
 27129 | Lair:6   | Learned a level 1 spell: Infusion
 27132 | Lair:6   | Learned a level 2 spell: Shroud of Golubria
 27135 | Lair:6   | Learned a level 2 spell: Song of Slaying
 27826 | Lair:6   | Got a scorched halberd
 29806 | Lair:5   | Reached skill level 1 in Translocations
 30516 | D:11     | Noticed Erica
 30541 | D:11     | Reached skill level 1 in Charms
 30657 | D:11     | Killed Erica
 30717 | D:11     | Reached skill level 1 in Spellcasting
 30855 | D:11     | Found a large runed door.
 30855 | D:11     | Found a large runed door.
 31545 | D:12     | Found a staircase to the Orcish Mines.
 32705 | Orc:1    | Entered Level 1 of the Orcish Mines
 32969 | Orc:2    | Entered Level 2 of the Orcish Mines
 33218 | Orc:2    | Found a staircase to the Elven Halls.
 33796 | Orc:1    | Noticed Fannar
 33821 | Orc:1    | Killed Fannar
 33821 | Orc:1    | Reached XP level 15. HP: 106/134 MP: 17/17
 34515 | Orc:2    | Found a roughly hewn altar of Beogh.
 34660 | Orc:2    | Found Ononihom's Book Boutique.
 34668 | Orc:2    | Paralysed by an ogre mage for 4 turns
 34767 | Orc:2    | Found Tutreug's Distillery.
 34786 | Orc:2    | Found a radiant altar of Vehumet.
 34787 | Orc:2    | Noticed Erolcha
 34807 | Orc:2    | Killed Erolcha
 34821 | Orc:2    | Noticed Nergalle
 34830 | Orc:2    | Reached skill level 16 in Shields
 34834 | Orc:2    | Killed Nergalle
 34887 | Orc:2    | Paralysed by fainting for 9 turns
 35452 | Orc:2    | Found an ancient bone altar of Kikubaaqudgha.
 35475 | Orc:2    | Found a roughly hewn altar of Beogh.
 35483 | Orc:2    | Found Dawaong's Gadget Boutique.
 35587 | Orc:2    | Found Tanail's Antique Weapon Shop.
 35705 | Orc:2    | Bought a potion of agility for 48 gold pieces
 35707 | Orc:2    | Bought a potion of curing for 36 gold pieces
 36100 | D:13     | Got a twisted hand axe
 36102 | D:13     | Identified the +11 hand axe of Yredelemnul {drain, +Rage rF- rN+} (You found it on level 13 of the Dungeon)
 36149 | D:13     | Paralysed by fainting for 11 turns
 36195 | D:13     | Paralysed by fainting for 11 turns
 36206 | D:13     | Paralysed by fainting for 12 turns
 36615 | D:13     | Found Wepreir's Antique Weapon Emporium.
 36738 | D:13     | Noticed Snorg
 36765 | D:13     | Killed Snorg
 37311 | D:13     | Noticed Maurice
 37347 | D:13     | Killed Maurice
 37631 | D:14     | Noticed Sonja
 37646 | D:14     | Found a gate to the Vaults.
 38395 | D:14     | Found an opulent altar of Gozag.
 38895 | D:14     | Killed Sonja
 39448 | Shoals:1 | Entered Level 1 of the Shoals
 39897 | Shoals:1 | Reached XP level 16. HP: 141/144 MP: 19/19
 40248 | Shoals:1 | Reached skill level 17 in Shields
 40528 | Shoals:2 | Noticed Polyphemus
 40565 | Shoals:2 | Killed Polyphemus
 43259 | Shoals:2 | Reached skill level 5 in Translocations
 43897 | Shoals:4 | Entered Level 4 of the Shoals
 44236 | Shoals:3 | Reached skill level 5 in Charms
 44511 | Shoals:4 | Reached XP level 17. HP: 152/152 MP: 23/23
 44564 | Shoals:4 | Got a barnacled rune of Zot
 44780 | Shoals:4 | Reached skill level 18 in Shields
 44890 | Shoals:4 | Reached skill level 5 in Spellcasting
 44894 | Shoals:4 | Noticed Ilsuiw
 45182 | Shoals:3 | Killed Ilsuiw
 46276 | Shoals:4 | Got a slimy plate armour
 46287 | Shoals:4 | Identified the +6 plate armour of the Invisible Hand {rF+++ MR+ Regen+ Dex-5} (You found it on level 4 of the Shoals)
 46395 | Shoals:4 | Identified the +5 halberd of Intuition {protect, Int+3} (You found it on level 6 of the Lair of Beasts)
 46436 | Shoals:4 | Paralysed by fainting for 11 turns
 47323 | Spider:1 | Entered Level 1 of the Spider Nest
 47326 | Spider:1 | Noticed Agnes
 47502 | Spider:1 | Noticed Louise
 47838 | Lair:4   | Killed Agnes
 48272 | Spider:1 | Killed Louise
 50757 | Spider:2 | Reached XP level 18. HP: 161/161 MP: 26/26
 51242 | Spider:3 | Reached skill level 19 in Shields
 51811 | Spider:3 | Noticed Bai Suzhen
 51827 | Spider:3 | Killed Bai Suzhen
 52383 | Spider:4 | Entered Level 4 of the Spider Nest
 53634 | Spider:3 | Reached skill level 15 in Fighting
 54299 | Spider:3 | Reached skill level 15 in Armour
 54634 | Spider:4 | Got a gossamer rune of Zot
 55472 | Shoals:1 | Got a crystal short sword
 58179 | Shoals:3 | Got a spiked scale mail
 58642 | Shoals:4 | Got a glittering ivory ring
 60302 | Shoals:4 | Got a crystal flail
 62035 | Spider:2 | Reached XP level 19. HP: 161/170 MP: 26/28
 64035 | Spider:2 | Paralysed by a hornet for 1 turns
 64041 | Spider:2 | Paralysed by a hornet for 3 turns
 65820 | Lair:1   | Identified the ring "Oclo" {MR+ Int+4} (You took it off a merfolk on level 4 of the Shoals)
 66006 | Shoals:1 | Identified the +3 scale mail of the Shining Light {rPois MR++} (You found it on level 3 of the Shoals)
 66151 | Shoals:1 | Identified the +9 flail "Himnang" {crush, MR+ Dex+2} (You found it on level 4 of the Shoals)
 66159 | Shoals:1 | Identified the +7 short sword of Yxoval {antimagic, rN+} (You found it on level 1 of the Shoals)
 66381 | Shoals:1 | Paralysed by fainting for 5 turns
 66522 | Shoals:1 | Cast into level 3 of the Abyss (merfolk)
 66536 | Shoals:1 | Escaped the Abyss
 67550 | Lair:1   | Reached skill level 20 in Shields
 68638 | D:11     | Found a stormy altar of Qazlal.
 68641 | D:11     | Found a blossoming altar of Fedhas.
 70116 | D:13     | Bought a fine hand axe for 184 gold pieces
 70116 | D:13     | Bought a broad axe for 92 gold pieces
 70119 | D:13     | Identified the +5 hand axe of Iferhaf {venom, Str+5 Dex+2} (You bought it in a shop on level 13 of the Dungeon)
 70120 | D:13     | Paralysed by fainting for 8 turns
 71415 | D:15     | Entered Level 15 of the Dungeon
 71530 | D:15     | Found Sidoutur's Distillery.
 71548 | D:15     | Found a runed door.
 72566 | D:15     | Found a staircase to the Depths.
 73360 | D:15     | Paralysed by a floating eye for 2 turns
 75035 | Vaults:1 | Entered Level 1 of the Vaults
 76201 | Vaults:1 | Got a slimy falchion
 82529 | Vaults:1 | Reached XP level 20. HP: 145/179 MP: 29/32
 83753 | Vaults:2 | Reached skill level 10 in Spellcasting
 84099 | Vaults:2 | Found Qurargh's Armour Boutique.
 84100 | Vaults:2 | Found Siah's Weapon Shop.
 84967 | Vaults:2 | Gained mutation: Scrolls take you a little longer to read. [a neqoxec]
 84974 | Vaults:2 | Found Tosihy's Distillery.
 85017 | Vaults:2 | Gained mutation: You are frail. (-10% HP) [mutagenic meat]
 85137 | Vaults:2 | Found Veatum's Weapon Boutique.
 85223 | Vaults:2 | Gained mutation: You have a pair of large horns on your head. [mutagenic meat]
 85224 | Vaults:2 | Gained mutation: You are clumsy. (Dex -2) [mutagenic meat]
 85225 | Vaults:2 | Gained mutation: Armour fits poorly on your strangely shaped body. [mutagenic meat]
 85226 | Vaults:2 | Gained mutation: You are resistant to hostile enchantments. (MR+) [mutagenic meat]
 85227 | Vaults:2 | Gained mutation: Your spells are a little easier to cast, but a little less powerful. [mutagenic meat]
 85447 | Vaults:2 | Found Etaqun's Food Shoppe.
 85985 | Vaults:2 | Gained mutation: Your magical capacity is low. (-10% MP) [mutagenic meat]
 86047 | Vaults:2 | Noticed Boris
 86912 | Orc:2    | Bought a potion of mutation for 96 gold pieces
 86914 | Orc:2    | Lost mutation: Scrolls take you a little longer to read. [potion of mutation]
 86914 | Orc:2    | Lost mutation: Armour fits poorly on your strangely shaped body. [potion of mutation]
 86914 | Orc:2    | Lost mutation: You are frail. (-10% HP) [potion of mutation]
 86914 | Orc:2    | Lost mutation: You are clumsy. (Dex -2) [potion of mutation]
 86914 | Orc:2    | Lost mutation: You have a pair of large horns on your head. [potion of mutation]
 86914 | Orc:2    | Gained mutation: Your body sometimes deteriorates upon taking damage. [potion of mutation]
 86914 | Orc:2    | Gained mutation: You are partially covered in rugged brown scales. (AC +1, +3% HP) [potion of mutation]
 86917 | Orc:2    | Bought a potion of mutation for 96 gold pieces
 86919 | Orc:2    | Lost mutation: Your magical capacity is low. (-10% MP) [potion of mutation]
 86919 | Orc:2    | Lost mutation: Your spells are a little easier to cast, but a little less powerful. [potion of mutation]
 86919 | Orc:2    | Lost mutation: Your body sometimes deteriorates upon taking damage. [potion of mutation]
 86919 | Orc:2    | Lost mutation: You are partially covered in rugged brown scales. (AC +1, +3% HP) [potion of mutation]
 86919 | Orc:2    | Gained mutation: You are robust. (+10% HP) [potion of mutation]
 86919 | Orc:2    | Gained mutation: Your flesh is heat resistant. (rF+) [potion of mutation]
 87190 | Depths:1 | Entered Level 1 of the Depths
 87210 | Depths:1 | Found Ettad's Assorted Antiques.
 87210 | Depths:1 | Found Iffeax's Antique Weapon Shop.
 87240 | Depths:1 | Found Folizuch's Antique Weapon Shop.
 87240 | Depths:1 | Found Sunedgh's Distillery.
 87957 | Depths:1 | Found a one-way gate to the infinite horrors of the Abyss.
 88237 | Depths:1 | Found Ohyneut's Armour Shop.
 88305 | Depths:1 | Noticed Nikola
 88479 | Depths:1 | Killed Nikola
 88524 | Depths:1 | Identified a scroll of acquirement
 88761 | Depths:1 | Reached XP level 21. HP: 178/203 MP: 31/35
 88999 | Depths:1 | Found a gateway to Hell.
 89227 | Depths:1 | Voluntarily entered the Abyss.
 89388 | Abyss:1  | Found a snail-covered altar of Cheibriados.
 89536 | Abyss:1  | Found a snail-covered altar of Cheibriados.
 89787 | Abyss:1  | Found a corrupted altar of Lugonu.
 89857 | Abyss:2  | Found a corrupted altar of Lugonu.
 90301 | Depths:1 | Escaped the Abyss
 90631 | Depths:1 | Voluntarily entered the Abyss.
 91185 | Abyss:1  | Noticed a profane servitor
 91214 | Abyss:1  | Killed a profane servitor
 91563 | Abyss:1  | Noticed a profane servitor
 91597 | Abyss:1  | Reached skill level 21 in Shields
 92797 | Abyss:3  | Found a shattered altar of Ashenzari.
 92916 | Abyss:3  | Gained mutation: You do not regenerate when monsters are visible. [a cacodemon]
 93035 | Depths:1 | Escaped the Abyss
 93208 | D:15     | Lost mutation: You are robust. (+10% HP) [potion of mutation]
 93208 | D:15     | Lost mutation: Your flesh is heat resistant. (rF+) [potion of mutation]
 93208 | D:15     | Lost mutation: You are resistant to hostile enchantments. (MR+) [potion of mutation]
 93208 | D:15     | Gained mutation: You can translocate small distances at will. [potion of mutation]
 93208 | D:15     | Gained mutation: You have sharp fingernails. [potion of mutation]
 93208 | D:15     | Gained mutation: You have supernaturally acute eyesight. (SInv) [potion of mutation]
 93244 | D:15     | Bought a potion of mutation for 112 gold pieces
 93248 | D:15     | Lost mutation: You can translocate small distances at will. [potion of mutation]
 93248 | D:15     | Lost mutation: You do not regenerate when monsters are visible. [potion of mutation]
 93248 | D:15     | Gained mutation: You have very sharp fingernails. [potion of mutation]
 93248 | D:15     | Gained mutation: Your flesh is cold resistant. (rC+) [potion of mutation]
 93248 | D:15     | Gained mutation: You are partially covered in rugged brown scales. (AC +1, +3% HP) [potion of mutation]
 93412 | Depths:1 | Voluntarily entered the Abyss.
 93518 | Abyss:1  | Noticed a profane servitor
 93596 | Abyss:1  | HP: 5/194 [hellion/damnation (31)]
 93602 | Abyss:1  | HP: 6/194 [daeva/divine providence (15)]
 93602 | Abyss:1  | HP: 1/194 [hellion/damnation (5)]
 93725 | Abyss:1  | HP: 3/194 [raiju/living lightning (13)]
 93734 | Abyss:1  | Found a corrupted altar of Lugonu.
 93845 | Abyss:1  | Found a corrupted altar of Lugonu.
 93851 | Abyss:1  | HP: 14/291 [worldbinder (1)]
 93857 | Abyss:1  | HP: 14/291 [soul eater (2)]
 93864 | Abyss:1  | HP: 10/291 [soul eater (5)]
 93869 | Abyss:1  | HP: 9/291 [soul eater (1)]
 93873 | Abyss:1  | HP: 3/291 [soul eater (5)]
 93876 | Abyss:1  | HP: 1/194 [soul eater (2)]
 93882 | Abyss:1  | Killed from afar by a ynoxinul

Skill      XL: |  1  2  3  4  5  6  7  8  9 10 11 12 13 14 15 16 17 18 19 20 21 |
---------------+----------------------------------------------------------------+-----
Fighting       | 4 5 6 7 8 10 12 13 14 15 16 | 16.4
Shields        | 4 5 6 8 9 11 13 14 15 16 17 18 19 20 21 | 21.4
Axes           | 3 4 5 6 7 9 11 12 13 14 16 17 18 19 | 19.1
Armour         | 4 5 6 7 9 10 11 12 13 14 15 16 | 16.0
Dodging        | 1 2 3 4 5 6 7 |  7.7
Stealth        | 1 2 |  2.8
Crossbows      | 5 |  5.5
Evocations     | 1 2 |  2.3
Polearms       | 2 4 |  4.6
Translocations | 2 4 5 6 7 8 9 |  9.0
Charms         | 2 3 5 6 7 8 |  8.6
Spellcasting   | 2 3 4 6 7 9 11 12 | 12.3
Unarmed Combat | |  0.2
Transmutations | |  0.1
Earth Magic    | |  0.1

Action                   |  1- 3 |  4- 6 |  7- 9 | 10-12 | 13-15 | 16-18 | 19-21 || total
-------------------------+-------+-------+-------+-------+-------+-------+-------++-------
Melee: War axe           |    60 |   122 |   318 |   940 |  1502 |    83 |       ||  3025
       Headbutt          |     3 |    30 |    64 |   215 |   525 |   514 |   893 ||  2244
       Unarmed           |       |       |    10 |       |       |       |     2 ||    12
       Trident           |       |       |       |     7 |   135 |       |    17 ||   159
       Hand axe          |       |       |       |       |   445 |  2374 |  2745 ||  5564
       Broad axe         |       |       |       |       |       |       |   319 ||   319
       Glaive            |       |       |       |       |       |       |    32 ||    32
       Spear             |       |       |       |       |       |       |     6 ||     6
       Battleaxe         |       |       |       |       |       |       |     5 ||     5
       Demon trident     |       |       |       |       |       |       |     5 ||     5
 Fire: Hand crossbow     |       |       |       |    46 |    23 |    29 |       ||    98
Throw: Tomahawk          |       |       |       |       |       |     4 |       ||     4
       Stone             |       |       |       |       |       |       |     1 ||     1
 Cast: Infusion          |       |       |       |       |       |    26 |     6 ||    32
       Shroud of Golubri |       |       |       |       |       |     9 |     6 ||    15
       Song of Slaying   |       |       |       |       |       |     1 |       ||     1
       Blink             |       |       |       |       |       |     4 |    31 ||    35
       Passwall          |       |       |       |       |       |       |     1 ||     1
 Abil: Evoke Flight      |       |       |       |     5 |       |     1 |       ||     6
Evoke: Wand              |       |       |       |     9 |    15 |     3 |     1 ||    28
       Fan of gales      |       |       |       |       |       |     1 |       ||     1
       Phial of floods   |       |       |       |       |       |     1 |       ||     1
       Lamp of fire      |       |       |       |       |       |       |     2 ||     2
  Use: Scroll            |       |     1 |     1 |    15 |     6 |     7 |    19 ||    49
       Potion            |       |       |     4 |     6 |     6 |     4 |    24 ||    44
 Stab: Petrified         |       |       |       |       |       |     4 |       ||     4
       Petrifying        |       |       |       |       |       |     2 |       ||     2
       Paralysed         |       |       |       |       |       |     1 |       ||     1
       Distracted        |       |       |       |       |       |       |     1 ||     1
  Eat: Chunk             |       |     6 |    14 |    23 |    41 |    56 |    68 ||   208
       Royal jelly       |       |     1 |       |     5 |     5 |     7 |    13 ||    31
       Bread ration      |       |       |       |     2 |     2 |     2 |     2 ||     8
       Fruit             |       |       |       |       |    12 |       |     9 ||    21
Armor: Scale mail        |    48 |    46 |    64 |       |       |       |       ||   158
       Skin              |       |       |    18 |       |       |       |    51 ||    69
       Chain mail        |       |       |    31 |   107 |   206 |       |       ||   344
       Plate armour      |       |       |       |   272 |   686 |  1264 |  1323 ||  3545
       Robe              |       |       |       |       |       |       |    13 ||    13
       Storm dragon scal |       |       |       |       |       |       |   186 ||   186
Dodge: Dodged            |    25 |    49 |    69 |   152 |   388 |   571 |   840 ||  2094
Block: Shield            |    53 |    82 |    66 |       |       |       |       ||   201
       Large shield      |       |       |   143 |   895 |  2136 |  2692 |  4019 ||  9885
